cohdb
Replays
Latest Replays
All Replays
Popular Replays
Top Player Replays
Match Explorer
How It Works
Community
CoH3 Stats
Reddit
Sign in to upload your games and track your stats! →
Sign in with Steam
Match 30450776
Unlisted
Match 30450776
Overview
Messages
Build Orders
End
Construct Barracks
Riflemen Squad
Selects Advanced Infantry Battlegroup
Riflemen Squad
Construct Weapon Support Center
Bazooka Squad
Bazooka Squad
Infantry Support Center
Sniper
Selects Convert to Ranger Squad
Selects Frontline Medical Station
N7Blaze
MightySavier
rhdogs
KrisNOR
TidaL
Incursus
615speed
Fururanza
0
0
Comments
sign in to comment!
No comments posted yet!